 Dungeon Crawl Stone Soup version 0.29.0-4-gdea44cf6ec (webtiles) character file.

Game seed: 5815984860858008491

925 qw the Chopper (level 7, -4/55 HPs)
             Began as a Demonspawn Cinder Acolyte on Sept 9, 2022.
             Was a Priest of Ignis.
             Slain by an orc
             ... wielding a +1 morningstar of holy wrath
              (15 damage)
             ... on level 6 of the Dungeon.
             The game lasted 00:01:42 (5760 turns).

qw the Chopper (Demonspawn Cinder Acolyte)          Turns: 5760, Time: 00:01:43

Health: -4/55      AC: 14    Str: 16    XL:     7   Next: 84%
Magic:  8/8        EV:  4    Int: 16    God:    Ignis [***...]
Gold:   197        SH:  0    Dex:  8    Spells: 8/8 levels left

rFire   + . .      SeeInvis .   Y - +0 war axe (venom)
rCold   + . .      Faith    .   (no shield)
rNeg    . . .      Spirit   .   c - +0 plate armour
rPois   +          Reflect  .   k - +0 helmet
rElec   .          Harm     .   (no cloak)
rCorr   .          Rampage  .   (no gloves)
Will    .....                   e - +1 pair of boots
Stlth   ..........              (no amulet)
HPRegen 0.18/turn               p - ring of poison resistance
MPRegen 0.11/turn               q - ring of protection from cold

@: no status effects
A: demonic guardian 1
a: Renounce Religion, Fiery Armour, Foxfire Swarm, Rising Flame


You were on level 6 of the Dungeon.
You worshipped Ignis.
Ignis was most pleased with you.
You visited 1 branch of the dungeon, and saw 6 of its levels.

You collected 287 gold pieces.
You spent 90 gold pieces at shops.


Innate Abilities, Weirdness & Mutations

A weak demonic guardian rushes to your aid.


   Skills:
 - Level 4.4 Fighting
 + Level 7.2 Axes
 - Level 1.0 Throwing
 - Level 3.1 Armour
 - Level 1.0 Spellcasting
 - Level 2.6 Fire Magic


You had 8 spell levels left.
You didn't know any spells.
Your spell library contained the following spells:

 Spells                   Type           Power      Damage    Failure   Level
 Scorch                   Fire           18%        2d6       100%        2

Inventory:

Hand Weapons
 j - a -1 hand axe of flaming
 Y - a +0 war axe of venom (weapon)
Missiles
 h - 7 boomerangs (quivered)
Armour
 c - a +0 plate armour (worn)
 e - a +1 pair of boots (worn)
 k - a +0 helmet (worn)
 m - a +1 hat
Jewellery
 p - a ring of poison resistance (left hand)
 q - a ring of protection from cold (right hand)
Scrolls
 a - 3 scrolls of identify
 r - a scroll of teleportation {unknown}
Potions
 b - a potion of haste
 d - 4 potions of curing
 f - 2 potions of heal wounds
 g - a potion of degeneration {unknown}
 i - a potion of might {unknown}
 l - a potion of lignification {unknown}
 n - a potion of mutation {unknown}
 o - a potion of ambrosia {unknown}

Dungeon Overview and Level Annotations

Branches:
Dungeon (6/15)             Temple (0/1) D:5

Altars:
Sif Muna
Vehumet

Shops:
D:3 (

Annotations:
D:4 2 runed translucent doors, qw's ghost, amateur DsCA


Message History

The orc warrior hits you with a +0 mace!
You hit the orc warrior but do no damage.
The orc warrior is poisoned.
The orc warrior is lightly wounded.
The orc warrior hits you with a +0 mace!
The orc warrior hits you but does no damage.
The orc barely misses you.
You closely miss the orc warrior.
The orc warrior is moderately wounded.
You hit the orc but do no damage.
The orc is poisoned.
The orc warrior hits you but does no damage.
An orc comes into view.
It is wielding a +1 morningstar of holy wrath.
The orc barely misses you.
The orc shouts!
You hit the orc warrior but do no damage.
The orc warrior is moderately wounded.
You closely miss the orc.
The orc warrior hits you but does no damage.
The orc hits you but does no damage.
You completely miss the orc warrior.
The orc warrior is moderately wounded.
You closely miss the orc.
The orc looks more healthy.
The orc warrior hits you with a +0 mace.
The orc barely misses you.
You closely miss the orc warrior. Your punch misses the orc warrior.
The orc warrior is heavily wounded.
You hit the orc.
The orc is poisoned.
The orc warrior hits you but does no damage.
The orc hits you but does no damage.
You hit the orc.
You kill the orc!
You barely miss the orc warrior.
The orc warrior hits you but does no damage.
You hit the orc warrior.
The orc warrior is severely wounded.
The orc warrior hits you with a +0 mace!
The orc hits you with a +1 morningstar of holy wrath!
You convulse!
You die...

##.##.#..## #..?......#
#..##.#..##########.###
#..##.#................
#..##.#.#######.##..#..
#.....#.#######.##..####
##.##..#........#.......#
.......#########......#.#
##.##...........@o......#
#.##.##########)o....###
#.##.# .......)# ...#.#
##.......# .....#
###...#.# ...# ...#.#
##.## ...# ..).


You could see an orc warrior (poisoned) and an orc.

Vanquished Creatures
  A water moccasin (D:6)
  An ice beast (D:6)
  A black bear (D:5)
  An ogre (D:5)
  A centaur (D:5)
  2 scorpions
  An orc priest (D:3)
  A jelly (D:6)
  2 iguanas (D:5)
  Natasha (twice) (D:4)
  4 gnolls (D:2)
  5 adders
  A white imp (D:5)
  2 ufetubi
  A worm (D:4)
  A dart slug (D:2)
  12 orcs
  5 endoplasms
  4 giant cockroaches
  4 hobgoblins
  A quokka (D:5)
  7 ball pythons
  5 bats
  3 frilled lizards
  6 goblins
  4 kobolds
  6 rats
84 creatures vanquished.

Vanquished Creatures (collateral kills)
  An adder (D:4)
  3 orcs (D:3)
  An endoplasm (D:1)
5 creatures vanquished.

Grand Total: 89 creatures vanquished

Notes
Turn   | Place    | Note
-------+----------+-------------------------------------------
     0 | D:1      | qw the Demonspawn Cinder Acolyte began the quest for the
                  | Orb.
     0 | D:1      | Reached XP level 1. HP: 18/18 MP: 2/2
     0 | D:1      | 0 ||| qw: Version: 0.1-a-113-g051387a
     0 | D:1      | 0 ||| qw: Game counter: 7273
     0 | D:1      | 0 ||| qw: Always use a shield: true
     0 | D:1      | 0 ||| qw: God list: Okawaru
     0 | D:1      | 0 ||| qw: Allow faded altars: false
     0 | D:1      | 0 ||| qw: Do Orc after D:15 true
     0 | D:1      | 0 ||| qw: Do second Lair branch before Depths: true
     0 | D:1      | 0 ||| qw: Lair rune preference: random
     0 | D:1      | 0 ||| qw: Plans: Normal
     0 | D:1      | 0 ||| PLANNING D:1-11
   115 | D:1      | Reached skill level 3 in Axes
   227 | D:1      | 227 ||| Stepping ~*~*~tactically~*~*~ (stealth).
   239 | D:1      | 239 ||| INVOKING Fiery Armour.
   455 | D:1      | Gained mutation: A weak demonic guardian rushes to your
                  | aid. [demonic ancestry]
   455 | D:1      | Reached XP level 2. HP: 23/24 MP: 3/3
   507 | D:1      | 507 ||| Stepping ~*~*~tactically~*~*~ (stealth).
   886 | D:1      | Found a faded altar of an unknown god.
  1037 | D:1      | 1037 ||| UPGRADING to +0 plate armour.
  1047 | D:1      | 1047 ||| DROPPING +0 robe.
  1048 | D:1      | 1048 ||| READING 2 scrolls labelled NEDGHI SOREABUXT.
  1049 | D:1      | 1049 ||| READING scroll labelled GOAXOANTIFOG.
  1050 | D:1      | 1050 ||| READING scroll labelled ROCHOC ITTA.
  1051 | D:1      | 1051 ||| READING scroll labelled XOUCRO VAUH.
  1052 | D:1      | 1052 ||| DRINKING 2 green potions.
  1053 | D:1      | 1053 ||| DROPPING potion of flight.
  1343 | D:2      | 1343 ||| INVOKING Fiery Armour.
  1345 | D:2      | Reached skill level 1 in Armour
  1345 | D:2      | Reached XP level 3. HP: 21/29 MP: 4/4
  1345 | D:2      | 1345 ||| FLEEEEING.
  1346 | D:2      | 1346 ||| FLEEEEING.
  1347 | D:2      | 1347 ||| FLEEEEING.
  1348 | D:2      | 1348 ||| FLEEEEING.
  1349 | D:2      | 1349 ||| FLEEEEING.
  1350 | D:2      | 1350 ||| FLEEEEING.
  1351 | D:2      | 1351 ||| FLEEEEING.
  1352 | D:2      | 1352 ||| FLEEEEING.
  1353 | D:2      | 1353 ||| FLEEEEING.
  1354 | D:2      | 1354 ||| FLEEEEING.
  1355 | D:2      | 1355 ||| FLEEEEING.
  1356 | D:2      | 1356 ||| FLEEEEING.
  1357 | D:2      | 1357 ||| FLEEEEING.
  1358 | D:2      | 1358 ||| FLEEEEING.
  1359 | D:2      | 1359 ||| FLEEEEING.
  1360 | D:2      | 1360 ||| FLEEEEING.
  1361 | D:2      | 1361 ||| FLEEEEING.
  1362 | D:2      | 1362 ||| FLEEEEING.
  1366 | D:2      | 1366 ||| FLEEEEING.
  1367 | D:2      | 1367 ||| FLEEEEING.
  1368 | D:2      | 1368 ||| FLEEEEING.
  1369 | D:2      | 1369 ||| FLEEEEING.
  1370 | D:2      | 1370 ||| FLEEEEING.
  1374 | D:2      | 1374 ||| FLEEEEING.
  1375 | D:2      | 1375 ||| FLEEEEING.
  1376 | D:2      | 1376 ||| FLEEEEING.
  1377 | D:2      | 1377 ||| FLEEEEING.
  1378 | D:2      | 1378 ||| FLEEEEING.
  1379 | D:2      | 1379 ||| FLEEEEING.
  1380 | D:2      | 1380 ||| FLEEEEING.
  1381 | D:2      | 1381 ||| FLEEEEING.
  1382 | D:2      | 1382 ||| STAIRDANCE
  1426 | D:1      | 1426 ||| DRINKING 3 golden potions.
  1427 | D:1      | 1427 ||| DROPPING 2 potions of attraction.
  1432 | D:2      | 1432 ||| STAIRDANCE
  1487 | D:2      | Reached skill level 4 in Axes
  1600 | D:2      | Reached XP level 4. HP: 35/35 MP: 5/5
  1613 | D:2      | 1613 ||| Stepping ~*~*~tactically~*~*~ (hiding).
  2243 | D:3      | Found Zin's Purification Station.
  2258 | D:3      | 2258 ||| BUYING potion of curing (90 gold).
  2258 | D:3      | Bought a potion of curing for 90 gold pieces
  2292 | D:3      | 2292 ||| Stepping ~*~*~tactically~*~*~ (stealth).
  2308 | D:3      | 2308 ||| INVOKING Fiery Armour.
  2670 | D:3      | Found Dutuiz's Weapon Emporium.
  2676 | D:3      | Found a shimmering blue altar of Sif Muna.
  2680 | D:3      | 2680 ||| SHOPLISTING +3 hand axe of freezing (313 gold,
                  | have 68).
  2731 | D:3      | 2731 ||| FLEEEEING.
  2732 | D:3      | 2732 ||| FLEEEEING.
  2733 | D:3      | 2733 ||| FLEEEEING.
  2734 | D:3      | 2734 ||| STAIRDANCE
  2875 | D:2      | 2875 ||| UPGRADING to +1 pair of boots.
  2880 | D:2      | 2880 ||| READING 2 scrolls of identify.
  2880 | D:2      | 2880 ||| IDENTIFYING white potion
  2910 | D:3      | 2910 ||| SWAPPING to +0 war axe.
  2922 | D:3      | 2922 ||| INVOKING Fiery Armour.
  2923 | D:3      | HP: 6/35 [poisoned by an orc]
  2925 | D:3      | HP: 1/35 [poisoned by an orc]
  2926 | D:3      | Reached XP level 5. HP: 1/41 MP: 6/6
  2926 | D:3      | 2926 ||| DRINKING 2 potions of curing.
  2926 | D:3      | 2926 ||| (to cure poison)
  3248 | D:3      | 3248 ||| DROPPING +1 hand axe of distortion.
  3345 | D:4      | Noticed Natasha
  3353 | D:4      | 3353 ||| INVOKING Fiery Armour.
  3354 | D:4      | Killed Natasha
  3355 | D:4      | Reached skill level 5 in Axes
  3600 | D:4      | Found a runed translucent door.
  3601 | D:4      | Noticed qw's ghost (amateur DsCA)
  3620 | D:4      | Found a runed translucent door.
  3953 | D:4      | Noticed Natasha
  3962 | D:4      | Killed Natasha
  3999 | D:4      | Reached XP level 6. HP: 43/47 MP: 7/7
  4213 | D:4      | 4213 ||| UPGRADING to +0 helmet.
  4218 | D:4      | 4218 ||| UPGRADING to ring of poison resistance.
  4219 | D:4      | 4219 ||| READING scroll labelled PIECLO BIFON.
  4220 | D:4      | 4220 ||| READING scroll labelled DOUSSU BIUG.
  4221 | D:4      | 4221 ||| READING 2 scrolls of identify.
  4221 | D:4      | 4221 ||| IDENTIFYING bubbling silvery potion
  4246 | D:5      | Entered Level 5 of the Dungeon
  4250 | D:5      | 4250 ||| Stepping ~*~*~tactically~*~*~ (stealth).
  4254 | D:5      | 4254 ||| INVOKING Fiery Armour.
  4257 | D:5      | Reached skill level 6 in Axes
  4487 | D:5      | Reached skill level 3 in Armour
  4509 | D:5      | 4509 ||| Stepping ~*~*~tactically~*~*~ (hiding).
  4515 | D:5      | Reached XP level 7. HP: 50/53 MP: 8/8
  4614 | D:5      | 4614 ||| Stepping ~*~*~tactically~*~*~ (stealth).
  4742 | D:5      | Found a radiant altar of Vehumet.
  4864 | D:5      | 4864 ||| Stepping ~*~*~tactically~*~*~ (stealth).
  5081 | D:5      | Found a staircase to the Ecumenical Temple.
  5296 | D:5      | 5296 ||| UPGRADING to ring of protection from cold.
  5297 | D:5      | 5297 ||| READING scroll labelled SOGOOW JIXKUTY.
  5437 | D:5      | 5437 ||| READING scroll labelled ZAFFE ECIURA.
  5438 | D:5      | 5438 ||| Stepping randomly (stuck).
  5568 | D:6      | Reached skill level 7 in Axes
  5681 | D:6      | Reached skill level 1 in Throwing
  5760 | D:6      | HP: 11/55 [orc/+1 morningstar of holy wrath (10)]
  5760 | D:6      | Slain by an orc

Levels and vault maps discovered:
D:1:      dpeg_arrival_refuge, layout_rooms,
          hellmonk_ecumenical_altar_prayer_group, minivault_4,
          dreamdust_princess_bridge
D:2:      layout_basic
D:3:      layout_rooms, mainiacjoe_overflow_catwalk, zin_purify, serial_shops,
          shop, fountainhead
D:4:      layout_loops_ring, mainiacjoe_overflow_boulevard,
          ebering_ghost_sewer_f, uniq_natasha
D:5:      layout_gridville, mainiacjoe_overflow_24_doors,
          lemuel_temple_firewalk_a
D:6:      layout_loops_ring

Skill      XL: |  1  2  3  4  5  6  7 |
---------------+----------------------+-----
Axes           | 3 4 5 6 7 |  7.2
Armour         | 1 2 3 |  3.1
Fighting       | 4 |  4.4
Throwing       | 1 |  1.0
Spellcasting   | |  1.0
Fire Magic     | |  2.6

Action                   |  1- 3 |  4- 6 |  7- 9 || total
-------------------------+-------+-------+-------++-------
Melee: Hand axe          |    79 |    74 |       ||   153
       Punch             |     2 |       |     3 ||     5
       War axe           |       |    58 |    95 ||   153
Throw: Boomerang         |       |    20 |    20 ||    40
Invok: Fiery Armour      |     2 |     4 |       ||     6
  Use: Scroll            |     4 |     4 |     2 ||    10
       Potion            |     2 |     1 |       ||     3
Armor: Robe              |    19 |       |       ||    19
       Plate armour      |    14 |    98 |    91 ||   203
Dodge: Dodged            |    31 |    26 |    26 ||    83

Table legend:
 A = Non-vault XP
 B = Vault XP
 C = Vault XP percentage of total XP
 D = Non-vault monster count
 E = Vault monster count
 F = Vault count percentage of total count
                 A         B        C        D         E       F
            +---------+---------+-------+---------+---------+-------
      Total |    1285 |      37 |   2.8 |      87 |       2 |   2.2
            +---------+---------+-------+---------+---------+-------
        D:1 |      27 |       2 |   6.9 |      20 |       1 |   4.8
        D:2 |     103 |       0 |   0.0 |      17 |       0 |   0.0
        D:3 |      97 |       0 |   0.0 |      19 |       0 |   0.0
        D:4 |     155 |      35 |  18.4 |      11 |       1 |   8.3
        D:5 |     566 |       0 |   0.0 |      14 |       0 |   0.0
        D:6 |     337 |       0 |   0.0 |       6 |       0 |   0.0
            +---------+---------+-------+---------+---------+-------
